 Seeded DCSS version 0.28-a0-620-g539b0f7ac7 (webtiles) character file.

Game seed: 20211007 (custom seed)

4 a11behringer the Cudgeller (level 1, 0/19 HPs)
             Began as a Palentonga Berserker on Oct 7, 2021.
             Was a Follower of Trog.
             Slain by a jackal (3 damage)
             ... on level 1 of the Dungeon.
             The game lasted 00:01:01 (176 turns).

a11behringer the Cudgeller (Palentonga Berserker)    Turns: 176, Time: 00:01:02

Health: 0/19       AC:  4    Str: 20    XL:     1   Next: 50%
Magic:  1/1        EV:  9    Int:  7    God:    Trog [*.....]
Gold:   32         SH:  0    Dex:  9    Spells: 0/0 levels left

rFire   . . .      SeeInvis +   a - +0 mace
rCold   . . .      Faith    .   (no shield)
rNeg    . . .      Spirit   .   b - +0 animal skin
rPois   .          Reflect  .   (no helmet)
rElec   .          Harm     .   (no cloak)
rCorr   .          Rampage  .   (no gloves)
Will    .....                   (no barding)
Stlth   +.........              (no amulet)
HPRegen 0.06/turn               (no ring)
MPRegen 0.07/turn               (no ring)

@: no status effects
A: large, rugged brown scales 3, see invisible, deformed body, roll 1, armoured
tail
a: Rolling Charge, Renounce Religion, Berserk


You were on level 1 of the Dungeon.
You worshipped Trog.
Trog was aware of your devotion.
You visited 1 branch of the dungeon, and saw 1 of its levels.

You collected 32 gold pieces.

Inventory:

Hand Weapons
 a - a +0 mace (weapon)
Armour
 b - a +0 animal skin (worn)


   Skills:
 - Level 3.0 Fighting
 * Level 3.3 Maces & Flails
 - Level 1.5 Armour
 - Level 1.5 Dodging


You couldn't memorise any spells.
You didn't know any spells.
Your spell library was empty.

Dungeon Overview and Level Annotations

Branches:
Dungeon (1/15)

Altars:


Innate Abilities, Weirdness & Mutations

You are completely covered in rugged brown scales. (AC +3, +7% HP)
You have supernaturally acute eyesight. (SInv)
Armour fits poorly on your strangely shaped body.
You can roll at nearby foes to attack.
You have a long armoured tail.


Message History

The jackal barely misses you. The jackal closely misses you.
The jackal bites you but does no damage. x3
You barely miss the jackal.
Your tail-slap misses the jackal.
The jackal is almost dead.
The jackal bites you but does no damage.
The jackal barely misses you. The jackal bites you.
The frilled lizard bites you but does no damage.
The jackal bites you. The jackal barely misses you.
You hit the jackal but do no damage.
Your tail-slap misses the jackal.
The jackal is almost dead.
The jackal bites you but does no damage.
The frilled lizard misses you. The jackal barely misses you.
The jackal bites you but does no damage.
A rat comes into view.
The jackal bites you. The frilled lizard barely misses you.
The jackal bites you. The jackal barely misses you.
You hit the jackal.
You kill the jackal!
Trog accepts your kill.
The jackal bites you but does no damage.
The jackal bites you.
The frilled lizard bites you but does no damage.
The jackal bites you but does no damage.
The giant cockroach waves its antennae.
The jackal bites you but does no damage.
The jackal bites you.
* * * LOW HITPOINT WARNING * * *
The jackal bites you but does no damage.
The jackal bites you but does no damage.
The jackal bites you but does no damage.
The jackal closely misses you. x2
The jackal bites you but does no damage.
The giant cockroach bites you but does no damage.
The jackal closely misses you. x2
The jackal bites you.
* * * LOW HITPOINT WARNING * * *
The giant cockroach bites you but does no damage.
The jackal completely misses you. The jackal bites you.
You die...

.###..##'### #...........#
.#<#..#....# #....r......#
.#'#.......# #...........#
⌠...⌠......# #...........#
......##'##### #...........#
#######......# #...l.......#
#....).# ####........###
#......########..........#
#......##.@hB.hl...#.###.#
########'######.########.#.#
.# ..........# #.# #.#.. #
..........# #.# #.#...
..........# #.# #.##...
.#######'######.# #.# ...#
.######......##.# #.# ...#
≈≈≈≈≈≈≈.####.##.# #.#
≈≈≈≈≈#≈.# #.##.#


You could see 2 jackals, a giant cockroach and a frilled lizard.

Vanquished Creatures
  2 goblins (D:1)
  A jackal (D:1)
  A rat (D:1)
4 creatures vanquished.

Notes
Turn   | Place    | Note
-------+----------+-------------------------------------------
     0 | D:1      | a11behringer the Palentonga Berserker began the quest for
                  | the Orb.
     0 | D:1      | Reached XP level 1. HP: 19/19 MP: 1/1
   176 | D:1      | Slain by a jackal

Illustrated notes

Levels and vault maps discovered:
D:1:      scummos_arrival_simple_fountains, layout_basic,
          palyth_stone_intersect, kennysheep_decorative_pillar,
          minmay_crystal_water

Action                   || total
-------------------------++-------
Melee: Mace              ||    14
       Tailslap          ||     1
Armor: Animal skin       ||    21
Dodge: Dodged            ||    21

Table legend: (Time is in decaauts)
 A = Elapsed time spent in this place.
 B = Non-inter-level travel time spent in this place.
 C = Inter-level travel time spent in this place.
 D = Time resting spent in this place.
 E = Time spent auto-exploring this place.
 F = Levels seen in this place.
 G = Mean time per level.
                   A        B        C        D        E       F      G
               +--------+--------+--------+--------+--------+-----+--------+
         Total |    179 |    165 |     14 |      0 |    118 |   1 |  179.0 |
       Dungeon |    179 |    165 |     14 |      0 |    118 |   1 |  179.0 |
               +--------+--------+--------+--------+--------+-----+--------+

Top non-repeatable levels by time:
     D:1: 179 daAuts
